 Dungeon Crawl Stone Soup version 0.30.0-15-g856e2d3f33 (webtiles) character file.

Game seed: 14403865120358644515

55 Strat the Trooper (level 4, 0/37 HPs)
             Began as a Formicid Air Elementalist on May 19, 2023.
             Succumbed to a kobold's poison
             ... on level 2 of the Dungeon.
             The game lasted 00:02:28 (1072 turns).

Strat the Trooper (Formicid Air Elementalist)       Turns: 1072, Time: 00:02:29

Health: 0/37       AC:  5    Str: 14    XL:     4   Next: 14%
Magic:  7/7        EV: 12    Int: 15    God:
Gold:   44         SH:  0    Dex: 14    Spells: 3/7 levels left

rFire   . . .        e - +0 spear
rCold   . . .        (no shield)
rNeg    . . .        a - +0 robe
rPois   .            (helmet unavailable)
rElec   .            (no cloak)
rCorr   .            h - +2 pair of gloves
SInv    +            (no boots)
Will    .....        (no amulet)
Stlth   ++           (no ring)
HPRegen 0.26/turn    (no ring)
MPRegen 0.10/turn

%: no passive effects
@: lethally poisoned (0 -> -4), attractive
A: permanent stasis, dig shafts and tunnels, antennae 3, four strong arms
a: Dig, Shaft Self


You were on level 2 of the Dungeon.
You visited 1 branch of the dungeon, and saw 2 of its levels.

You collected 44 gold pieces.

Inventory:

Hand Weapons
 c - a +0 club
 e - a +0 spear (weapon)
Armour
 a - a +0 robe (worn)
 g - a +0 ring mail
 h - a +2 pair of gloves (worn)
Scrolls
 i - a scroll of identify {unknown}
 j - a scroll of amnesia {unknown}
 k - a scroll of poison {unknown}
Potions
 b - a potion of magic
 d - a potion of haste
 l - a potion of flight {unknown}
 m - a potion of curing {unknown}


   Skills:
 + Level 3.7 Fighting
 - Level 1.7 Dodging
 - Level 2.4 Stealth
 - Level 2.1 Spellcasting
 - Level 0.8 Conjurations
 - Level 2.4 Air Magic


You had 3 spell levels left.
You knew the following spells:

 Your Spells              Type           Power      Damage    Failure   Level
a - Shock                 Conj/Air       24%        1d4       11%         1
b - Static Discharge      Conj/Air       12%        2-3/arc   17%         2
c - Apportation           Tloc           2%         N/A       22%         1

Your spell library contained the following spells:

 Spells                   Type           Power      Damage    Failure   Level
 Airstrike                Air            4%         2d(1-17)  63%         4
 Alistair's Intoxication  Tmut/Pois      0%         N/A       99%         5
 Swiftness                Air            Unusable   N/A       N/A         3

Dungeon Overview and Level Annotations

Branches:
Dungeon (2/15)

Altars:


Innate Abilities, Weirdness & Mutations

You cannot be hasted, slowed, berserked, paralysed or teleported.
You can dig through walls and to a lower floor.
You have a pair of large antennae on your head. (SInv)
Your four strong arms can wield two-handed weapons with a shield.


Message History

The goblin shoots a sling bullet.
The sling bullet barely misses you.
The kobold shouts!
A ball python comes into view.
The kobold throws a poisoned dart.
The poisoned dart hits you!
You are poisoned.
The goblin shoots a sling bullet.
The sling bullet barely misses you.
You feel very sick.
The kobold throws a poisoned dart.
The poisoned dart hits you!
You are more poisoned.
The goblin shoots a sling bullet.
The sling bullet barely misses you.
You feel very sick.
The goblin shoots a sling bullet.
The sling bullet hits you.
The ball python hisses angrily.
You feel very sick.
You feel very sick. The kobold attacks as you move away!
The kobold hits you with a +0 short sword.
* * * LOW HITPOINT WARNING * * *
You feel sick.
The kobold throws a poisoned dart.
The poisoned dart hits you!
You are more poisoned.
The goblin shoots a sling bullet.
The sling bullet closely misses you.
You feel very sick.
The goblin shoots a sling bullet.
The sling bullet barely misses you.
You feel sick.
The kobold throws a poisoned dart.
The poisoned dart hits you!
You are lethally poisoned!
* * * LOW HITPOINT WARNING * * *
You feel very sick.
It was a potion of haste.
Your stasis prevents you from being hasted.
* * * LOW HITPOINT WARNING * * *
You feel very sick.
* * * LOW HITPOINT WARNING * * *
You feel very sick.
* * * LOW HITPOINT WARNING * * *
You feel sick.
* * * LOW HITPOINT WARNING * * *
You feel sick.
It was a potion of attraction.
You feel attractive to monsters.
You die...

..........#.# .#
#.........#.#####.#
............>.S...####
#..............g?....#
........#.#g#####(##.#
..#####.#.#.K# #
#.#.#..####.# #
#.....S.....# #.
#...#.@##...#
#.######......# ###
.###.....##......#..
.....................
........>###.#.#.#..)
.######.####.#.#.##.#
#.............#
######.#.#.####
#.#...#


You could see a goblin, a ball python and a kobold.

Vanquished Creatures
  2 adders (D:2)
  A worm (D:2)
  3 dart slugs
  2 ball pythons
  5 endoplasms (D:1)
  2 giant cockroaches (D:1)
  A goblin (D:1)
  A hobgoblin (D:1)
  A kobold (D:1)
  3 bats (D:1)
  4 frilled lizards
  4 rats
29 creatures vanquished.

Notes
Turn   | Place    | Note
-------+----------+-------------------------------------------
     0 | D:1      | Strat the Formicid Air Elementalist began the quest for the
                  | Orb.
     0 | D:1      | Reached XP level 1. HP: 13/13 MP: 3/3
    29 | D:1      | Reached skill level 1 in Fighting
   138 | D:1      | Reached XP level 2. HP: 22/22 MP: 5/5
   141 | D:1      | Learned a level 2 spell: Static Discharge
   143 | D:1      | Learned a level 1 spell: Apportation
   218 | D:1      | Reached skill level 2 in Fighting
   542 | D:1      | Reached XP level 3. HP: 28/28 MP: 6/6
   821 | D:2      | Reached skill level 3 in Fighting
   973 | D:2      | Reached XP level 4. HP: 30/37 MP: 7/7
  1071 | D:2      | HP: 1/37 [poisoned by a kobold]
  1072 | D:2      | Succumbed to a kobold's poison

Illustrated notes

Levels and vault maps discovered:
D:1:      co_arrival_square_in_a_square_in_a_square, layout_basic
D:2:      layout_loops_ring, shapermc_ecumenical_altar_acropolis

Skill      XL: |  1  2  3 |
---------------+----------+-----
Fighting       | 1 2 3 |  3.7
Dodging        | |  1.7
Stealth        | |  2.4
Spellcasting   | |  2.1
Conjurations   | |  0.8
Air Magic      | |  2.4

Action                     |  1- 3 |  4- 6 || total
---------------------------+-------+-------++-------
  Melee: Spear             |    72 |    14 ||    86
         Club              |     5 |       ||     5
         Unarmed           |     1 |       ||     1
         Punch             |     1 |       ||     1
   Cast: Shock             |    12 |       ||    12
    Use: Potion            |       |     2 ||     2
   Stab: Sleeping          |     9 |     1 ||    10
 Armour: Robe              |    21 |     1 ||    22
  Dodge: Dodged            |    26 |     9 ||    35
